 Dungeon Crawl Stone Soup version 0.29.1-15-g9cfb28693d (webtiles) character file.

Game seed: 4101388375092469071

592255 BlackCrag the Skullcrusher (level 25, -3/257 HPs)
             Began as a Minotaur Berserker on Apr 9, 2023.
             Was the Champion of Trog.
             Killed from afar by a red draconian scorcher (26 damage)
             ... with damnation
             ... on level 4 of the Realm of Zot on Apr 11, 2023.
             The game lasted 06:32:31 (55155 turns).

BlackCrag the Skullcrusher (Minotaur Berserker)    Turns: 55155, Time: 06:32:31

Health: -3/257     AC: 46    Str: 40    XL:     25   Next: 70%
Magic:  0/28       EV: 16    Int: 10    God:    Trog [******]
Gold:   5536       SH:  0    Dex: 16    Spells: 24/24 levels left

rFire   + + .      SeeInvis .   A - +5 dire flail of Hefiemn {vorpal, rElec rPois}
rCold   + + +      Faith    .   (shield currently unavailable)
rNeg    . . .      Spirit   +   m - +7 plate armour of the Furrier {rC+ Will+ Regen+ Str+4}
rPois   +          Reflect  .   d - +2 hat
rElec   +          Harm     .   J - +2 cloak {rCorr}
rCorr   +          Rampage  ∞   L - +0 pair of gloves "Wiseniawe" {-Cast Regen+ Dex+4}
Will    +++++      Rage     9%  S - +3 pair of seven-league boots {Rampage+∞}
Stlth   .......... NoCast   +   K - amulet "Zimilisawu" {Spirit Will++}
HPRegen 2.12/turn               z - ring of Internal Strife {rC+ MP+9 Str+6 Int+6 Stlth-}
MPRegen 0.21/turn               G - ring of Telyrofo {rF+ rC+ AC+4 Int-2}

@: resistant, on berserk cooldown, studying 3 skills
A: horns 2, retaliatory headbutt, hooves 1, berserk 2, low MP 1, strong-willed
1, subdued magic 1
}: 4/15 runes: serpentine, barnacled, slimy, silver
a: Renounce Religion, Berserk, Trog's Hand, Brothers in Arms


You were on level 4 of the Realm of Zot.
You worshipped Trog.
Trog was exalted by your worship.
You visited 11 branches of the dungeon, and saw 52 of its levels.
You also visited: Trove, Bailey, Gauntlet, Ice Cave and Volcano.

You collected 10643 gold pieces.
You spent 5107 gold pieces at shops.

Inventory:

Hand Weapons
 o - a +5 great mace of flaming
 A - the +5 dire flail of Hefiemn (weapon) {vorpal, rElec rPois}
   (Trog gifted it to you on level 2 of the Elven Halls)

   It inflicts extra damage upon your enemies.
   rElec:     It insulates you from electricity.
   rPois:     It protects you from poison.
 C - a +4 great mace of holy wrath
 H - the +8 morningstar of the Vendetta {vorpal, rF+ Int+5 Stlth-}
   (You bought it in a shop on level 10 of the Dungeon)

   It inflicts extra damage upon your enemies.
   Int:       It affects your intelligence (+5).
   rF:        It protects you from fire.
   Stlth:     It makes you less stealthy.
 X - the +6 dire flail of Tiocese {flame, rN+ Dex+2 SInv}
   (Trog gifted it to you on level 1 of the Elven Halls)

   It burns those it strikes, dealing additional fire damage.
   Dex:       It affects your dexterity (+2).
   rN:        It protects you from negative energy.
   SInv:      It lets you see invisible.
Missiles
 i - 77 poisoned darts
 j - 7 atropa-tipped darts
 w - 7 javelins (quivered)
 y - 3 boomerangs of dispersal
 R - 4 silver boomerangs
 W - 28 silver javelins
 Y - 14 boomerangs
Armour
 d - a +2 hat (worn)
 l - the +3 plate armour of Awkify Asou {rElec rPois rCorr Dex-4}
   (You bought it in a shop on level 2 of the Elven Halls)

   Dex:       It affects your dexterity (-4).
   rElec:     It insulates you from electricity.
   rPois:     It protects you from poison.
   rCorr:     It protects you from acid and corrosion.
 m - the +7 plate armour of the Furrier (worn) {rC+ Will+ Regen+ Str+4}
   (You found it on level 4 of the Shoals)

   Str:       It affects your strength (+4).
   rC:        It protects you from cold.
   Regen:     It increases your rate of health regeneration.
   Will:      It increases your willpower.
 F - a +2 pair of gloves of strength
 J - a +2 cloak of preservation (worn)
 L - the +0 pair of gloves "Wiseniawe" (worn) {-Cast Regen+ Dex+4}
   (You found it in a volcano)

   Dex:       It affects your dexterity (+4).
   -Cast:     It prevents spellcasting.
   Regen:     It increases your rate of health regeneration.
 M - a +12 crystal plate armour of cold resistance
 S - the +3 pair of seven-league boots (worn) {Rampage+∞}
   (You found it in a Gauntlet)

   Its wearer moves as far as possible in that direction when moving towards
   enemies.
Jewellery
 b - an amulet of reflection
 k - the ring "Fuilor" {rC+ rCorr MP+9 Str+3 Int+2}
   (You found it on level 5 of the Lair of Beasts)

   [ring of magical power]

   Str:       It affects your strength (+3).
   Int:       It affects your intelligence (+2).
   rC:        It protects you from cold.
   MP:        It affects your magic capacity (+9).
   rCorr:     It protects you from acid and corrosion.
 z - the ring of Internal Strife (left hand) {rC+ MP+9 Str+6 Int+6 Stlth-}
   (You bought it in a shop on level 3 of the Vaults)

   [ring of intelligence]

   Str:       It affects your strength (+6).
   Int:       It affects your intelligence (+6).
   rC:        It protects you from cold.
   MP:        It affects your magic capacity (+9).
   Stlth:     It makes you less stealthy.
 D - the ring of the Dripping Fool {Wiz rN++ Str-3 SInv}
   (You took it off a tengu reaver on level 5 of the Vaults)

   [ring of wizardry]

   It improves your spell success rate.
   Str:       It affects your strength (-3).
   rN:        It greatly protects you from negative energy.
   SInv:      It lets you see invisible.
 G - the ring of Telyrofo (right hand) {rF+ rC+ AC+4 Int-2}
   (You bought it in a shop on level 2 of the Orcish Mines)

   [ring of protection]

   AC:        It affects your AC (+4).
   Int:       It affects your intelligence (-2).
   rF:        It protects you from fire.
   rC:        It protects you from cold.
 K - the amulet "Zimilisawu" (around neck) {Spirit Will++}
   (You took it off an ironbound convoker on level 5 of the Vaults)

   [amulet of guardian spirit]

   It causes incoming damage to be divided between your reserves of health and
   magic.
   Will:      It greatly increases your willpower.
 N - the ring "Deboetog" {rC+ Will- Str+9 Int+4}
   (You took it off a vault guard on level 5 of the Vaults)

   [ring of protection from cold]

   Str:       It affects your strength (+9).
   Int:       It affects your intelligence (+4).
   rC:        It protects you from cold.
   Will:      It decreases your willpower.
 P - the ring "Yxzeclusm" {rN+ Str+7 SInv}
   (You took it off a vault guard on level 5 of the Vaults)

   [ring of positive energy]

   Str:       It affects your strength (+7).
   rN:        It protects you from negative energy.
   SInv:      It lets you see invisible.
 Q - a ring of protection from cold
 T - a ring of see invisible
 Z - a ring of positive energy
Wands
 t - a wand of light (34)
 u - a wand of flame (56)
 E - a wand of roots (18)
Scrolls
 a - 13 scrolls of teleportation
 f - a scroll of blinking
 h - 17 scrolls of identify
 n - 9 scrolls of torment
 r - 6 scrolls of silence
 v - 4 scrolls of poison
 O - 8 scrolls of fear
 U - 9 scrolls of fog
Potions
 c - 8 potions of heal wounds
 e - 3 potions of haste
 g - 12 potions of might
 s - 4 potions of invisibility
 x - 3 potions of resistance
 B - 10 potions of curing
 V - 4 potions of flight
Miscellaneous
 p - a phantom mirror (inert)


   Skills:
 O Level 27 Fighting
 + Level 1.5(18.1) Axes
 O Level 27 Maces & Flails
 * Level 26.3 Throwing
 O Level 27 Armour
 + Level 13.0 Dodging
 + Level 6.4 Stealth
 + Level 10.1 Shields
 + Level 2.9 Evocations


You had 24 spell levels left.
You didn't know any spells.
Your spell library was empty.

Dungeon Overview and Level Annotations

Branches:
Dungeon (15/15)            Temple (1/1) D:7            Lair (5/5) D:11
 Shoals (4/4) Lair:2        Snake (4/4) Lair:3        Slime (5/5) Lair:5
    Orc (2/2) D:10            Elf (3/3) Orc:2        Vaults (5/5) D:14
  Crypt (0/3) Vaults:2     Depths (4/4) D:15            Zot (4/5) Depths:4
 Bailey (visited)           IceCv (visited)         Volcano (visited)
Gauntlet (visited)

Altars:
Ashenzari
Cheibriados
Dithmenos
Elyvilon
Fedhas
Gozag
Hepliaklqana
Kikubaaqudgha
Makhleb
Nemelex Xobeh
Okawaru
Qazlal
Ru
Sif Muna
Trog
Uskayaw
Vehumet
Wu Jian
Xom
Yredelemnul
Zin
The Shining One

Shops:
D:1 (   D:10 (   D:11 [   D:15 !   Orc:2 =*[(   Elf:1 [([[[   Elf:2 [   Elf:3 [
Vaults:3 =!!(   Depths:3 (!=

Portals:
Hell: Depths:1 Depths:2 Depths:3 Depths:4
Abyss: Depths:3
Pandemonium: Depths:2 Depths:3
Ziggurat: Depths:1

Annotations:
Snake:1 1 transporter
Elf:1 2 transporters, kalagan's ghost, journeyman DECj


Innate Abilities, Weirdness & Mutations

You have a pair of horns on your head.
You reflexively headbutt those who attack you in melee.
You have large cloven feet.
You have an uncontrollable temper.
Your magical capacity is low. (-10% MP)
You are strong-willed. (Will+)
Your spells are a little easier to cast, but a little less powerful.


Message History

The javelin pierces through the curse toe!!
The curse toe is moderately damaged.
The red draconian scorcher casts a spell at you.
The bolt of magma hits you. You partially resist.
* * * LOW HITPOINT WARNING * * *
The red draconian scorcher breathes fire at you.
The searing blast misses you.
The curse toe calls on the powers of darkness!
The golden dragon convulses!
The red draconian scorcher convulses!
Your body is wracked with pain!
* * * LOW HITPOINT WARNING * * *
The black draconian knight convulses!
The Killer Klown convulses!
The red draconian convulses!
The red draconian scorcher convulses!
The black draconian convulses!
The white draconian convulses!
Your Dodging skill increases to level 13!
You feel protected.
The red draconian scorcher breathes fire at you.
The searing blast hits you. You resist.
* * * LOW HITPOINT WARNING * * *
The black draconian knight is poisoned.
You hear a shout!
The red draconian scorcher casts a spell at you.
The bolt of fire hits you! You resist.
* * * LOW HITPOINT WARNING * * *
The golden dragon breathes cold at you. The bolt of cold misses you.
The air fills with toxic fumes!
As you read the scroll of poison, it crumbles to dust.
You hear a shout!
The golden dragon breathes fire at you. The bolt of fire misses you.
You feel much better.
The red draconian scorcher casts a spell at you.
The sphere of damnation explodes!
The damnation engulfs you!!
* * * LOW HITPOINT WARNING * * *
Unknown command.
You hear a deafening roar!
The red draconian scorcher gestures at you while chanting.
The sphere of damnation explodes!
The damnation engulfs you!!
You die...

...# § §§§# ≈≈ ####§§#
####### #.≈ #§§§§§#
#≈≈#≈≈##≈§. .###§§§§§#
##≈≈≈≈≈≈≈§.. ..§§§§§§§#
##§§§.fffq≈z. ..§§§§§§§#
##≈≈§ff.d.fdp°
..§§§§°§@###§≈≈f.f.fd.q..
.#...##§○.)qDqpddz.f.....
#. #§§###≈d≈qf.☼...D..
#§§# ##§§≈ff....≈.. #§§#
##§§≈ff..≈≈.. #§§###
##§§§≈≈≈§≈.. #§§..#
#≈§#≈≈##≈≈. #§§^.#
####### #^≈ #§§..#


You could see a Killer Klown, a black draconian knight (poisoned), a golden
dragon (catching breath), a black draconian, a white draconian and 2 draconians.

Vanquished Creatures
  the Royal Jelly (Slime:5)
  A dread lich (Vaults:5)
  An ancient lich (Vaults:5)
  2 orbs of fire
  Boris (twice) (Vaults:5 Depths:4)
  Josephina (Zot:2)
  Frederick (Vaults:4)
  Vashnia (Snake:4)
  Margery (Vaults:2)
  Saint Roka (Vaults:1)
  A curse toe (Zot:3)
  Nikola (Elf:2)
  The ghost of crisisinutopia the Impregnable, an adept MiFi of Okawaru (Vaults:2)
  9 golden dragons
  The ghost of Ontein the Slayer, an adept MiBe of Trog (Depths:3)
  A bone dragon (Zot:2)
  A Tzitzimitl (Zot:2)
  An electric golem (Zot:2)
  3 doom hounds (Zot:2)
  10 tentacled monstrosities
  2 hellephants (Depths:1)
  6 titans
  Asterion (Vaults:1)
  Grunn (Zot:2)
  2 deep elf blademasters (Elf:3)
  A lich (Depths:2)
  2 quicksilver dragons (Zot:3)
  Frances (D:12)
  5 sphinxes
  Kirke (Snake:2)
  18 acid blobs
  9 tengu reavers
  8 death cobs
  Donald (Vaults:4)
  Gastronok (D:8)
  15 storm dragons
  6 nagarajas (Snake:4)
  8 rockslimes
  12 shadow dragons
  4 draconian monks
  12 azure jellies
  2 draconian knights
  10 fire giants
  11 deep elf sorcerers
  21 vault wardens
  9 frost giants
  6 draconian shifters
  Aizul (Elf:2)
  Louise (Elf:2)
  4 balrugs
  3 orc warlords
  4 draconian stormcallers
  2 spriggan defenders
  17 ironbound preservers
  2 draconian annihilators (Zot:1)
  16 stone giants
  23 very ugly things
  5 deep elf elementalists (Elf:3)
  3 quicksilver oozes
  A war gargoyle (Vaults:4)
  5 ironbound thunderhulks
  A vampire knight (Depths:3)
  5 dire elephants
  9 green draconians
  3 deep elf annihilators
  8 deep elf demonologists
  The ghost of Alannah the Protected, a journeyman GrFi of Okawaru (Orc:1)
  8 red draconians
  8 purple draconians
  9 black draconians
  A putrid mouth (Zot:2)
  4 minotaurs
  6 yellow draconians
  4 spark wasps (Depths:1)
  6 white draconians
  A green death (Depths:2)
  A blizzard demon (Depths:4)
  10 ettins
  9 deep elf death magi
  A fire dragon (Depths:2)
  The ghost of Jakudza the Zephyrmancer, a journeyman TeAE of Vehumet (D:13)
  9 great orbs of eyes
  4 merfolk impalers
  10 yaktaur captains
  5 deep elf high priests
  The ghost of diiiiiane the Eclecticist, a journeyman DEFE of Sif Muna (Lair:3)
  A rakshasa (Depths:2)
  9 boulder beetles
  15 ice dragons
  3 catoblepae
  30 vault guards
  3 spriggan air magi
  6 ironbound frosthearts
  7 hydras
  A peacekeeper (Vaults:4)
  13 anacondas
  6 naga warriors
  17 satyrs
  3 merfolk avatars
  11 two-headed ogres
  A death knight (D:13)
  8 deep troll shamans
  A two-headed ogre (shapeshifter) (Depths:1)
  29 centaur warriors
  6 death yaks
  An alligator snapping turtle (Shoals:3)
  14 deep troll earth magi
  3 tengu warriors
  9 spriggan berserkers
  25 dancing weapons
  14 naga sharpshooters
  6 orc high priests
  Urug (D:12)
  A sun demon (Depths:2)
  4 shock serpents
  20 deep elf knights
  16 hell knights
  A fire crab (Volcano)
  3 salamander mystics
  9 sea snakes
  Amaemon (Lair:3)
  4 glowing orange brains
  8 skeletal warriors
  Lodul (D:12)
  15 iron trolls
  56 deep trolls
  A flayed ghost (D:10)
  A swamp dragon (shapeshifter) (D:15)
  An obsidian statue (Vaults:4)
  A steelbarb worm (shapeshifter) (Vaults:5)
  A shadow demon (Depths:3)
  11 deep elf archers
  A lindwurm (shapeshifter) (Depths:2)
  5 wizards
  7 naga ritualists
  A bog body (IceCv)
  17 harpies
  25 deep elf zephyrmancers
  26 ironbound convokers
  7 orc knights
  18 lindwurms
  4 shining eyes
  49 ugly things
  4 phantasmal warriors
  38 deep elf pyromancers
  2 necromancers
  An oklob plant (Gauntlet)
  10 orc sorcerers
  12 fauns
  15 mana vipers
  A salamander (shapeshifter) (Vaults:5)
  The ghost of Quickbrownfox the Chiller, a novice DsIE of Ignis (D:6)
  12 salamanders
  5 cyclopes
  15 manticores
  4 elephants (Lair:5)
  32 moths of wrath
  A water nymph (shapeshifter) (Vaults:5)
  8 merfolk sirens
  33 black mambas
  5 rust devils
  5 centaur zombies (D:11)
  14 vault sentinels
  19 naga magi
  2 ice statues (IceCv)
  A molten gargoyle (Volcano)
  2 torpor snails
  4 eyes of devastation
  A water nymph (Shoals:4)
  A cane toad (shapeshifter) (Elf:1)
  The ghost of ababab the Jinx, a novice FeEn (D:9)
  7 komodo dragons
  3 orange demons
  3 gargoyles
  2 kobold demonologists
  17 cane toads
  2 centaur skeletons (D:11)
  A hellion (Depths:1)
  An unseen horror (D:12)
  44 yaktaurs
  Psyche (D:8)
  2 smoke demons
  6 efreet
  4 anaconda simulacra (IceCv)
  7 ice devils
  3 freezing wraiths
  6 tengu conjurers
  2 red devils
  7 merfolk
  5 hellwings
  10 trolls
  2 wind drakes
  2 polar bears
  4 meliai
  A tarantella (shapeshifter) (D:15)
  8 hornets
  9 blink frogs
  106 slime creatures
  9 dream sheep
  7 snapping turtles
  2 air elementals (Elf:1)
  11 water elementals
  7 shadows
  The ghost of CatalinOSBI the Magician, an amateur DEFE of Kikubaaqudgha (D:4)
  6 spriggans
  A dire elephant simulacrum (IceCv)
  4 wraiths
  54 yaks
  3 wyverns
  A basilisk (shapeshifter) (D:15)
  8 basilisks
  4 fire elementals (Elf:2)
  17 fire bats
  A white draconian simulacrum (Zot:2)
  A chaos spawn (Depths:3)
  2 steam dragons
  14 vampire mosquitoes
  A black draconian simulacrum (Zot:2)
  A neqoxec (Depths:3)
  A red draconian simulacrum (Zot:2)
  4 wargs
  3 harpy simulacra (IceCv)
  26 nagas
  5 acid dragons
  2 hydra simulacra (IceCv)
  8 water moccasins
  A floating eye (shapeshifter) (Depths:4)
  44 orc warriors
  4 hell hounds
  2 black bears
  A sky beast (D:6)
  4 ice beasts
  15 ogres
  29 wolves
  6 boggarts
  9 centaurs
  3 phantoms
  8 kobold brigands
  11 bullfrogs
  2 gnoll sergeants
  A glowing shapeshifter simulacrum (Vaults:3)
  A two-headed ogre simulacrum (IceCv)
  4 earth elementals
  4 scorpions
  A cane toad simulacrum (IceCv)
  7 wights
  16 killer bees
  2 howler monkeys
  2 crimson imps (Gauntlet)
  5 lava snakes (Volcano)
  Crazy Yiuf (D:2)
  7 hounds
  An iron imp (D:6)
  5 jellies
  24 orc priests
  3 gnoll boudas
  Jessica (D:3)
  4 iguanas
  29 orc wizards
  A spriggan simulacrum (IceCv)
  A wolf simulacrum (IceCv)
  8 ogre zombies (D:10)
  15 gnolls
  7 adders
  5 shadow imps
  4 white imps
  3 ufetubi
  3 worms
  A dart slug (D:3)
  113 orcs
  7 ball pythons
  6 endoplasms
  4 giant cockroaches
  8 goblins
  11 hobgoblins
  11 jackals
  34 kobolds
  6 quokkas
  78 bats
  3 frilled lizards
  2 goblin skeletons (D:10)
  A goblin zombie (D:10)
  A hobgoblin skeleton (D:10)
  A hobgoblin zombie (D:10)
  5 orc skeletons (D:10)
  15 orc zombies (D:10)
  7 rats
  A spectral hobgoblin (D:3)
2323 creatures vanquished.

Vanquished Creatures (collateral kills)
  A deep elf master archer (Vaults:2)
  A sphinx (Vaults:5)
  A titan (Vaults:2)
  A tengu reaver (Depths:4)
  4 rockslimes (Slime:5)
  3 azure jellies (Slime:5)
  A vault warden (Vaults:5)
  2 iron dragons (Vaults:5)
  2 quicksilver oozes (Slime:5)
  A stone giant (Vaults:5)
  3 deep elf demonologists
  A deep elf annihilator (Elf:3)
  2 white draconians (Zot:1)
  2 black draconians (Zot:1)
  2 red draconians (Zot:1)
  2 minotaurs (Vaults:2)
  A merfolk javelineer (Vaults:2)
  A great orb of eyes (Slime:5)
  A yaktaur captain (Vaults:5)
  A salamander tyrant (Snake:4)
  3 naga warriors
  A deep elf knight (Vaults:2)
  A phantasmal warrior (Vaults:5)
  A mana viper (Snake:4)
  3 moths of wrath (Zot:1)
  A black mamba (shapeshifter) (Vaults:5)
  A snapping turtle (Shoals:4)
44 creatures vanquished.

Vanquished Creatures (others)
  A lich (Vaults:4)
  3 vault guards (Vaults:5)
  A shadow wraith (Vaults:5)
  A deep elf pyromancer (Elf:2)
  A storm dragon simulacrum (Zot:2)
  3 humans (Snake:2)
  2 boggarts
  A bullfrog (D:8)
  3 orcs (Vaults:1)
  3 bushes (D:6)
  13 fungi
  49 plants
  3 withered plants (D:11)
84 creatures vanquished.

Grand Total: 2451 creatures vanquished

Notes
Turn   | Place    | Note
-------+----------+-------------------------------------------
     0 | D:1      | BlackCrag the Minotaur Berserker began the quest for the
                  | Orb.
     0 | D:1      | Reached XP level 1. HP: 19/19 MP: 0/0
   142 | D:1      | Reached XP level 2. HP: 22/27 MP: 1/1
   337 | D:1      | Found Maseimaq's Weapon Boutique.
  1090 | D:2      | Reached XP level 3. HP: 33/33 MP: 2/2
  1090 | D:2      | Reached ** piety under Trog
  1468 | D:2      | Reached XP level 4. HP: 40/40 MP: 3/3
  1608 | D:2      | Found a runed translucent door.
  1609 | D:2      | Noticed Crazy Yiuf
  1619 | D:2      | Killed Crazy Yiuf
  1620 | D:2      | Reached skill level 5 in Maces & Flails
  2023 | D:3      | Reached XP level 5. HP: 27/47 MP: 4/4
  2355 | D:3      | Noticed a moth of wrath
  2358 | D:3      | Found a bloodstained altar of Trog.
  2588 | D:3      | Reached *** piety under Trog
  2837 | D:3      | Noticed Jessica
  2843 | D:3      | Killed Jessica
  2854 | D:3      | Found a hazy altar of Hepliaklqana.
  3020 | D:3      | Found a faded altar of an unknown god.
  3243 | D:4      | Reached XP level 6. HP: 47/53 MP: 5/5
  3572 | D:4      | Found a runed translucent door.
  3954 | D:4      | Noticed CatalinOSBI's ghost (amateur DEFE)
  3963 | D:4      | Killed CatalinOSBI's ghost
  3964 | D:4      | Reached skill level 5 in Fighting
  3964 | D:4      | Reached skill level 5 in Armour
  3964 | D:4      | Reached XP level 7. HP: 61/61 MP: 6/6
  4132 | D:5      | Entered Level 5 of the Dungeon
  4667 | D:5      | Reached skill level 1 in Throwing
  4668 | D:5      | Reached XP level 8. HP: 68/70 MP: 7/7
  4876 | D:5      | You fall into a shaft and drop 1 floor!
  5000 | D:5      | Found a radiant altar of Vehumet.
  5374 | D:5      | Found an ornate altar of the Wu Jian Council.
  5469 | D:5      | Reached skill level 1 in Axes
  5547 | D:6      | Reached skill level 1 in Stealth
  5695 | D:6      | Found a runed translucent gate.
  5732 | D:6      | Found a runed translucent gate.
  5732 | D:6      | Noticed Quickbrownfox's ghost (novice DsIE)
  5733 | D:6      | Found a runed translucent gate.
  6313 | D:6      | Reached XP level 9. HP: 79/79 MP: 8/8
  6464 | D:6      | Identified the +1 robe of the Meadowlark {Str+4}
  6715 | D:6      | Found a snail-covered altar of Cheibriados.
  6737 | D:6      | Found a blossoming altar of Fedhas.
  6803 | D:6      | Reached skill level 10 in Maces & Flails
  6823 | D:6      | HP: 1/81 [frozen (17)]
  6827 | D:6      | Killed Quickbrownfox's ghost
  7176 | D:7      | Found a staircase to the Ecumenical Temple.
  7198 | Temple   | Entered the Ecumenical Temple
  7596 | D:7      | Reached **** piety under Trog
  7750 | D:7      | Found a white marble altar of Elyvilon.
  7757 | D:7      | Found a glowing golden altar of the Shining One.
  7759 | D:7      | Found a glowing silver altar of Zin.
  7981 | D:7      | Reached skill level 1 in Evocations
  8208 | D:8      | Reached XP level 10. HP: 26/90 MP: 9/9
  8710 | D:8      | Noticed Psyche
  8719 | D:8      | Killed Psyche
  8845 | D:8      | Noticed Gastronok
  8869 | D:8      | Killed Gastronok
  8870 | D:8      | Reached skill level 5 in Throwing
  9038 | D:8      | Found a basalt altar of Yredelemnul.
  9412 | D:9      | Noticed ababab's ghost (novice FeEn)
  9477 | D:9      | Found a hide-covered altar of Uskayaw.
  9592 | D:9      | Found a runed translucent gate.
  9593 | D:9      | Found a runed translucent gate.
  9594 | D:9      | Found a runed translucent gate.
  9632 | D:9      | Reached ***** piety under Trog
  9926 | D:9      | Noticed a two-headed ogre
  9938 | D:9      | Killed a two-headed ogre
 10187 | D:9      | Reached XP level 11. HP: 69/99 MP: 10/10
 10195 | D:9      | Noticed a centaur warrior
 10195 | D:9      | Noticed a centaur warrior
 10195 | D:9      | Noticed a centaur warrior
 10202 | D:9      | Killed a centaur warrior
 10202 | D:9      | Noticed a centaur warrior
 10203 | D:9      | Reached skill level 10 in Fighting
 10532 | D:9      | Killed a centaur warrior
 10666 | D:9      | Killed a centaur warrior
 10811 | D:9      | Killed a centaur warrior
 11280 | D:9      | Noticed a two-headed ogre
 11297 | D:9      | Killed a two-headed ogre
 11298 | D:9      | Reached skill level 10 in Armour
 11638 | D:9      | Killed ababab's ghost
 11695 | D:10     | Entered Level 10 of the Dungeon
 11722 | D:10     | Received a gift from Trog
 11758 | D:10     | Found a flagged portal.
 11779 | Bailey   | Entered a bailey
 11829 | Bailey   | Noticed an orc warlord
 12084 | Bailey   | Found a runed translucent gate.
 12085 | Bailey   | Found a runed translucent gate.
 12086 | Bailey   | Found a runed translucent gate.
 12129 | Bailey   | Acquired a manual of Armour
 12144 | Bailey   | Killed an orc warlord
 12145 | Bailey   | Reached XP level 12. HP: 110/110 MP: 11/11
 12191 | Bailey   | Acquired a manual of Dodging
 12426 | D:10     | Found a burning altar of Makhleb.
 12427 | D:10     | Found an iron altar of Okawaru.
 12446 | D:10     | Found a staircase to the Orcish Mines.
 12541 | D:10     | Found a sacrificial altar of Ru.
 12624 | D:10     | Noticed a two-headed ogre
 12631 | D:10     | Killed a two-headed ogre
 12632 | D:10     | Reached skill level 15 in Maces & Flails
 12682 | D:10     | Received a gift from Trog
 12693 | D:10     | Found a white marble altar of Elyvilon.
 12729 | D:10     | Found a runed translucent door.
 12743 | D:10     | Found a hide-covered altar of Uskayaw.
 12834 | D:10     | Found a glowing golden altar of the Shining One.
 12857 | D:10     | Found a radiant altar of Vehumet.
 12864 | D:10     | Found a bloodstained altar of Trog.
 12958 | D:10     | Found a glowing golden altar of the Shining One.
 13080 | D:10     | Found Biew Lie's Antique Weapon Shop.
 13088 | D:10     | Bought an ancient morningstar for 198 gold pieces
 13088 | D:10     | Identified the +8 morningstar of the Vendetta {vorpal, rF+
                  | Int+5 Stlth-} (You bought it in a shop on level 10 of the
                  | Dungeon)
 13236 | D:10     | Noticed a vault guard
 13248 | D:10     | Killed a vault guard
 13275 | D:10     | Found a portal to a secret trove of treasure.
 13300 | D:10     | Found an opulent altar of Gozag.
 13302 | D:10     | Found a sparkling altar of Nemelex Xobeh.
 13602 | Orc:1    | Entered Level 1 of the Orcish Mines
 13616 | Orc:1    | Found a frozen archway.
 13675 | IceCv    | Entered an ice cave
 14193 | IceCv    | Received a gift from Trog
 14674 | Orc:1    | Found a runed translucent door.
 14680 | Orc:1    | Found a shimmering altar of Xom.
 14680 | Orc:1    | Noticed Alannah's ghost (journeyman GrFi)
 14930 | Orc:1    | Reached XP level 13. HP: 118/118 MP: 12/12
 15590 | Orc:2    | Entered Level 2 of the Orcish Mines
 15599 | Orc:2    | Paralysed by an orc sorcerer for 3 turns
 15603 | Orc:2    | Found a staircase to the Elven Halls.
 15785 | Orc:2    | Paralysed by an orc sorcerer for 5 turns
 15934 | Orc:2    | Reached skill level 10 in Throwing
 16180 | Orc:1    | Received a gift from Trog
 16548 | Orc:2    | Noticed an orc warlord
 16559 | Orc:2    | Killed an orc warlord
 16711 | Orc:2    | Gained mutation: You are dopey. (Int -2) [a neqoxec]
 16713 | Orc:2    | Gained mutation: You are frail. (-10% HP) [a neqoxec]
 16727 | Orc:2    | Paralysed by an orc sorcerer for 5 turns
 16864 | Orc:2    | Received a gift from Trog
 16883 | Orc:2    | Found Tehiujir's Antique Armour Boutique.
 16884 | Orc:2    | Found Qaxij's Antique Weapon Boutique.
 16886 | Orc:2    | Found Iguanyr's General Store.
 16886 | Orc:2    | Found Hicoxooscho's Jewellery Shop.
 16891 | Orc:2    | Bought a scroll of enchant armour for 120 gold pieces
 16895 | Orc:2    | Bought the ring of Telyrofo {rF+ rC+ AC+4 Int-2} for 633
                  | gold pieces
 16906 | Orc:2    | Bought an embroidered cloak for 142 gold pieces
 17381 | D:11     | Found Teta Une's Armour Shop.
 17520 | D:11     | Found a staircase to the Lair.
 17742 | D:11     | Reached XP level 14. HP: 116/116 MP: 13/13
 18029 | D:11     | Identified the +6 war axe of Yesterday {drain, rC+ rN+}
 18030 | Lair:1   | Entered Level 1 of the Lair of Beasts
 18686 | Lair:1   | Reached ****** piety under Trog
 19059 | Lair:2   | Found a dark tunnel.
 19067 | Lair:2   | Identified the +3 leather armour of Verdant Brilliance
                  | {rC+}
 19070 | Volcano  | Entered a volcano
 19551 | Volcano  | Found a bloodstained altar of Trog.
 19583 | Volcano  | Received a gift from Trog
 19659 | Volcano  | Identified the +0 pair of gloves "Wiseniawe" {-Cast Regen+
                  | Dex+4}
 19864 | Lair:2   | Found a staircase to the Shoals.
 20419 | Lair:3   | Reached skill level 1 in Shields
 20468 | Lair:3   | Reached skill level 15 in Armour
 20623 | Lair:3   | Noticed diiiiiane's ghost (journeyman DEFE)
 20645 | Lair:3   | Found a runed translucent door.
 20658 | Lair:3   | Killed diiiiiane's ghost
 20748 | Lair:3   | Noticed Amaemon
 20761 | Lair:3   | Killed Amaemon
 20901 | Lair:3   | Found a staircase to the Snake Pit.
 21285 | Lair:4   | Identified the +5 mace "Guryryl" {flame, +Blink Str+4 SInv}
                  | (Trog gifted it to you on level 4 of the Lair of Beasts)
 21285 | Lair:4   | Received a gift from Trog
 22032 | Lair:5   | Entered Level 5 of the Lair of Beasts
 22160 | Lair:5   | Reached XP level 15. HP: 125/125 MP: 14/14
 22233 | Lair:5   | Reached skill level 15 in Fighting
 22243 | Lair:5   | Identified the ring "Fuilor" {rC+ rCorr MP+9 Str+3 Int+2}
 22485 | Lair:5   | Identified the +8 chain mail of Subjectivity {Harm MP+9}
 22513 | Lair:5   | Found a staircase to the Slime Pits.
 23084 | D:12     | Noticed Urug
 23085 | D:12     | Noticed Lodul
 23098 | D:12     | Killed Urug
 23101 | D:12     | Killed Lodul
 23181 | D:12     | Found a shimmering blue altar of Sif Muna.
 23380 | D:12     | Received a gift from Trog
 23806 | D:12     | Noticed Frances
 23815 | D:12     | Killed Frances
 23955 | D:13     | Found a transporter.
 23961 | D:13     | Found a bloodstained altar of Trog.
 23961 | D:13     | Noticed Jakudza's ghost (journeyman TeAE)
 24246 | D:13     | Identified the +2 trident of Bankruptcy {freeze, Dex+3}
 24371 | D:13     | Found a transporter.
 24783 | D:13     | Killed Jakudza's ghost
 24981 | D:14     | Received a gift from Trog
 24999 | D:14     | Reached XP level 16. HP: 136/136 MP: 15/15
 25125 | D:14     | Found a gate to the Vaults.
 25317 | D:14     | Found a radiant altar of Vehumet.
 25586 | D:15     | Entered Level 15 of the Dungeon
 25592 | D:15     | Found a gate leading to a gauntlet.
 25604 | Gauntlet | Entered a Gauntlet
 25604 | Gauntlet | Found a transporter.
 25604 | Gauntlet | Found a runed translucent door.
 25604 | Gauntlet | Found a transporter.
 25610 | Gauntlet | Found a transporter.
 25614 | Gauntlet | Found a transporter.
 25617 | Gauntlet | Found a transporter.
 25629 | Gauntlet | Found a runed translucent door.
 25632 | Gauntlet | Found a transporter.
 25649 | Gauntlet | Found a transporter.
 25651 | Gauntlet | Found a transporter.
 25651 | Gauntlet | Found a transporter.
 25664 | Gauntlet | Found a transporter.
 25679 | Gauntlet | Found a transporter.
 25688 | Gauntlet | Found the +3 pair of seven-league boots {Rampage+∞}
 25689 | Gauntlet | Found a transporter.
 25704 | Gauntlet | Found a transporter.
 25723 | Gauntlet | Found a transporter.
 25731 | Gauntlet | Found a runed translucent door.
 25947 | D:15     | Found a staircase to the Depths.
 26084 | D:15     | Found Locletsu's Distillery.
 26092 | D:15     | Bought a potion of heal wounds for 90 gold pieces
 26092 | D:15     | Bought a potion of heal wounds for 90 gold pieces
 26092 | D:15     | Bought a potion of might for 72 gold pieces
 26092 | D:15     | Bought a potion of heal wounds for 90 gold pieces
 26414 | Elf:1    | Entered Level 1 of the Elven Halls
 26424 | Elf:1    | Identified the +6 dire flail of Tiocese {flame, rN+ Dex+2
                  | SInv} (Trog gifted it to you on level 1 of the Elven Halls)
 26424 | Elf:1    | Received a gift from Trog
 26476 | Elf:1    | Found a shimmering blue altar of Sif Muna.
 26518 | Elf:1    | Found a transporter.
 26518 | Elf:1    | Noticed a Hell Sentinel
 26537 | Elf:1    | Found a transporter.
 26537 | Elf:1    | Noticed kalagan's ghost (journeyman DECj)
 26537 | Elf:1    | Noticed a deep elf blademaster
 26569 | Elf:1    | Found Igimpu's Weapon Shoppe.
 26655 | Elf:1    | Found Zotite Taci's Antique Armour Boutique.
 26944 | Elf:1    | Found Yvoid's Antique Armour Shop.
 26964 | Elf:1    | Found a one-way gate to the infinite horrors of the Abyss.
 26965 | Elf:1    | Paralysed by an air elemental for 1 turns
 27067 | Elf:1    | Found Baoggeom's Armour Shop.
 27265 | Elf:1    | Found Hegeemol's Antique Armour Shop.
 27380 | Elf:2    | Noticed Louise
 27562 | Elf:2    | Killed Louise
 27636 | Elf:2    | Reached XP level 17. HP: 108/148 MP: 16/16
 27662 | Elf:2    | Received a gift from Trog
 27935 | Elf:2    | Found a runed translucent gate.
 27935 | Elf:2    | Found a runed translucent gate.
 27937 | Elf:2    | Found a runed translucent gate.
 28008 | Elf:2    | Found Ofuseqid's Antique Armour Shop.
 28014 | Elf:2    | Bought a pitted plate armour for 812 gold pieces
 28014 | Elf:2    | Identified the +3 plate armour of Awkify Asou {rElec rPois
                  | rCorr Dex-4} (You bought it in a shop on level 2 of the
                  | Elven Halls)
 28356 | Elf:2    | Noticed Aizul
 28385 | Elf:2    | Killed Aizul
 28516 | Elf:2    | Noticed Nikola
 28519 | Elf:2    | Identified the +5 dire flail of Hefiemn {vorpal, rElec
                  | rPois} (Trog gifted it to you on level 2 of the Elven
                  | Halls)
 28519 | Elf:2    | Received a gift from Trog
 28545 | Elf:2    | Killed Nikola
 29040 | Elf:1    | Paralysed by an air elemental for 1 turns
 29186 | Snake:1  | Entered Level 1 of the Snake Pit
 29235 | Snake:1  | Found a transporter.
 29291 | Snake:1  | Found a runed translucent gate.
 29291 | Snake:1  | Found a runed translucent gate.
 29291 | Snake:1  | Found a runed translucent gate.
 29328 | Snake:1  | Reached skill level 5 in Shields
 30633 | Snake:2  | Received a gift from Trog
 30638 | Snake:2  | Noticed Kirke
 30662 | Snake:2  | Killed Kirke
 30680 | Snake:2  | Reached XP level 18. HP: 85/160 MP: 17/17
 31050 | Snake:3  | Found a stormy altar of Qazlal.
 32202 | Snake:4  | Entered Level 4 of the Snake Pit
 32267 | Snake:4  | Noticed Vashnia
 32282 | Snake:4  | Killed Vashnia
 32606 | Snake:4  | Received a gift from Trog
 32832 | Snake:4  | Got a serpentine rune of Zot
 33649 | Orc:1    | Killed Alannah's ghost
 33706 | D:10     | You paid a toll of 7 potions of haste to enter a treasure
                  | trove
 33707 | Trove    | Entered a treasure trove
 33834 | Shoals:1 | Entered Level 1 of the Shoals
 34199 | Shoals:3 | Identified the +11 great mace of Nigeih {vorpal, Str+8}
                  | (Trog gifted it to you on level 3 of the Shoals)
 34199 | Shoals:3 | Received a gift from Trog
 34377 | Shoals:4 | Entered Level 4 of the Shoals
 34615 | Shoals:4 | HP: 6/163 [satyr/+0 spear (12)]
 34620 | Shoals:4 | Reached skill level 15 in Throwing
 34620 | Shoals:4 | Reached XP level 19. HP: 19/170 MP: 18/18
 34643 | Shoals:4 | Received a gift from Trog
 34769 | Shoals:4 | Identified the +6 chain mail of Modern Satisfaction {+Inv
                  | rPois Will++ Stlth-}
 34772 | Shoals:4 | Got a barnacled rune of Zot
 35210 | Shoals:4 | Identified the +4 chain mail "Leut" {Int+2}
 35212 | Shoals:4 | Identified the +7 plate armour of the Furrier {rC+ Will+
                  | Regen+ Str+4}
 35372 | Shoals:4 | Identified the +1 helmet of the Blacksmith {rF+ rCorr Int+2
                  | SInv}
 35612 | Slime:1  | Entered Level 1 of the Pits of Slime
 35643 | Slime:1  | Gained mutation: Your spells are a little easier to cast,
                  | but a little less powerful. [a shining eye]
 35927 | Slime:2  | Gained mutation: You sometimes lose your temper in combat.
                  | [a shining eye]
 35931 | Slime:2  | Gained mutation: You have supernaturally acute eyesight.
                  | (SInv) [a shining eye]
 36283 | Slime:3  | Received a gift from Trog
 36870 | Slime:5  | Entered Level 5 of the Pits of Slime
 36931 | Slime:5  | Lost intelligence.
 37414 | Slime:5  | Gained mutation: You occasionally shout uncontrollably at
                  | your foes. [a shining eye]
 37584 | Slime:5  | Reached XP level 20. HP: 181/181 MP: 19/19
 37599 | Slime:5  | Gained mutation: You are partially covered in large bone
                  | plates. (SH +4) [a shining eye]
 37600 | Slime:5  | Received a gift from Trog
 37766 | Slime:5  | Noticed the Royal Jelly
 37779 | Slime:5  | Killed the Royal Jelly
 37925 | Slime:5  | Identified the ring "Syipp" {Wiz *Corrode Drain Str+7}
 37951 | Slime:5  | Got a slimy rune of Zot
 37959 | Slime:5  | Identified the +0 leather armour of Vehumet's Benevolence
                  | {rN+ Str+2}
 38499 | Vaults:1 | Entered Level 1 of the Vaults
 38772 | Vaults:1 | Noticed Asterion
 38783 | Vaults:1 | Killed Asterion
 39101 | Vaults:1 | Noticed Saint Roka
 39111 | Vaults:1 | Killed Saint Roka
 39353 | Vaults:1 | Received a gift from Trog
 40013 | Vaults:2 | Found a staircase to the Crypt.
 40013 | Vaults:2 | Found an ancient bone altar of Kikubaaqudgha.
 40014 | Vaults:2 | Found a basalt altar of Yredelemnul.
 40053 | Vaults:2 | Found a runed translucent gate.
 40053 | Vaults:2 | Found a runed translucent gate.
 40053 | Vaults:2 | Found a runed translucent gate.
 40054 | Vaults:2 | Noticed crisisinutopia's ghost (adept MiFi)
 40372 | Vaults:2 | Noticed Margery
 40390 | Vaults:2 | Killed Margery
 40415 | Vaults:2 | Acquired 1009 gold pieces
 40564 | Vaults:2 | Reached XP level 21. HP: 192/192 MP: 20/20
 41128 | Vaults:2 | Received a gift from Trog
 41530 | Vaults:2 | Found an iron altar of Okawaru.
 41556 | Vaults:2 | Killed crisisinutopia's ghost
 41602 | Vaults:2 | Identified the +0 leather armour "Ovef" {-Cast rN+ Str+2
                  | Dex+2}
 41604 | Vaults:2 | Identified the +8 rapier of Bargham {venom, rPois rF+ Int-4
                  | Dex+6}
 41786 | Vaults:3 | Found Lih Kix's Distillery.
 41794 | Vaults:3 | Bought a potion of heal wounds for 75 gold pieces
 41794 | Vaults:3 | Bought a potion of heal wounds for 75 gold pieces
 41794 | Vaults:3 | Bought a potion of resistance for 150 gold pieces
 41794 | Vaults:3 | Bought a potion of mutation for 120 gold pieces
 41794 | Vaults:3 | Bought a potion of invisibility for 120 gold pieces
 41794 | Vaults:3 | Bought a potion of heal wounds for 75 gold pieces
 41795 | Vaults:3 | Lost mutation: You have supernaturally acute eyesight.
                  | (SInv) [potion of mutation]
 41795 | Vaults:3 | Lost mutation: You occasionally shout uncontrollably at
                  | your foes. [potion of mutation]
 41795 | Vaults:3 | Lost mutation: You are frail. (-10% HP) [potion of
                  | mutation]
 41795 | Vaults:3 | Gained mutation: You are clumsy. (Dex -2) [potion of
                  | mutation]
 41795 | Vaults:3 | Gained mutation: You have hidden genetic potential. [potion
                  | of mutation]
 42066 | Vaults:3 | Found Wygod's Jewellery Emporium.
 42075 | Vaults:3 | Bought the ring of Internal Strife {rC+ MP+9 Str+6 Int+6
                  | Stlth-} for 1441 gold pieces
 42330 | Vaults:3 | Found Xoiji's Distillery.
 42336 | Vaults:3 | Bought a potion of might for 72 gold pieces
 42336 | Vaults:3 | Bought a potion of mutation for 144 gold pieces
 42336 | Vaults:3 | Bought a potion of haste for 180 gold pieces
 42337 | Vaults:3 | Lost mutation: You are dopey. (Int -2) [potion of mutation]
 42337 | Vaults:3 | Lost mutation: You sometimes lose your temper in combat.
                  | [potion of mutation]
 42337 | Vaults:3 | Lost mutation: You are partially covered in large bone
                  | plates. (SH +4) [potion of mutation]
 42337 | Vaults:3 | Gained mutation: You sometimes lose your temper in combat.
                  | [potion of mutation]
 42337 | Vaults:3 | Gained mutation: You are strong-willed. (Will+) [potion of
                  | mutation]
 42382 | Vaults:3 | Received a gift from Trog
 42815 | Vaults:3 | Found Ilunt's Weapon Emporium.
 43086 | Vaults:4 | Noticed Frederick
 43091 | Vaults:4 | Noticed Donald
 43093 | Vaults:4 | Killed Frederick
 43099 | Vaults:4 | Killed Donald
 43100 | Vaults:4 | Reached skill level 27 in Maces & Flails
 43245 | Vaults:4 | Received a gift from Trog
 43935 | Vaults:5 | Entered Level 5 of the Vaults
 43935 | Vaults:5 | Noticed a dread lich
 43935 | Vaults:5 | Noticed Boris
 43958 | Vaults:5 | Killed Boris
 43967 | Vaults:5 | Noticed an ancient lich
 43974 | Vaults:5 | Noticed a golden dragon
 43978 | Vaults:5 | Killed a dread lich
 43978 | Vaults:5 | Received a gift from Trog
 43979 | Vaults:5 | Reached XP level 22. HP: 228/228 MP: 21/21
 43989 | Vaults:5 | Killed an ancient lich
 43989 | Vaults:5 | Noticed a golden dragon
 44004 | Vaults:5 | HP: 1/342 [tengu reaver/+1 war axe of holy wrath (21)]
 44054 | Vaults:5 | Killed a golden dragon
 44081 | Vaults:5 | Reached skill level 5 in Dodging
 44084 | Vaults:5 | Gained mutation: You have large cloven feet. [hidden
                  | potential]
 44203 | Vaults:5 | Received a gift from Trog
 44534 | Vaults:5 | Killed a golden dragon
 44619 | Vaults:5 | Identified the ring "Yxzeclusm" {rN+ Str+7 SInv}
 44625 | Vaults:5 | Identified the ring "Deboetog" {rC+ Will- Str+9 Int+4}
 44737 | Vaults:5 | Identified the amulet "Zimilisawu" {Spirit Will++}
 44804 | Vaults:5 | Identified the ring of the Dripping Fool {Wiz rN++ Str-3
                  | SInv}
 44858 | Vaults:5 | Noticed a golden dragon
 44860 | Vaults:5 | Identified the +7 arbalest of Irchy {venom, rN+ Int+4
                  | Dex+3}
 44875 | Vaults:5 | Killed a golden dragon
 44889 | Vaults:5 | Identified the +8 quarterstaff of Growth {flame, *Slow
                  | rElec rCorr SInv} (Trog gifted it to you on level 5 of the
                  | Vaults)
 44889 | Vaults:5 | Received a gift from Trog
 45498 | Vaults:5 | Identified the +2 ring mail of Valour {rElec rF++ Str+4
                  | Dex-4}
 45598 | Vaults:5 | Reached skill level 27 in Fighting
 45975 | Vaults:5 | Got a silver rune of Zot
 46445 | Elf:3    | Entered Level 3 of the Elven Halls
 46445 | Elf:3    | Found a radiant altar of Vehumet.
 46494 | Elf:3    | Reached XP level 23. HP: 219/237 MP: 22/22
 46621 | Elf:3    | Found Nypsaurch's Armour Shop.
 46972 | Elf:3    | Reached skill level 10 in Shields
 47031 | Elf:3    | Received a gift from Trog
 47214 | Elf:3    | Identified the +8 dagger of the World {antimagic, Drain
                  | Dex+4}
 47393 | Elf:3    | Reached skill level 27 in Armour
 47396 | Elf:3    | Lost mutation: You are clumsy. (Dex -2) [hidden potential]
 47396 | Elf:3    | Lost mutation: You have hidden genetic potential. [hidden
                  | potential expressed]
 47563 | Elf:3    | Identified the +2 whip of Crusades {flame, rCorr Stlth+}
 47579 | Elf:3    | Identified the ring "Awne" {Will+ Int+2}
 47740 | Elf:3    | Received a gift from Trog
 48054 | Depths:1 | Entered Level 1 of the Depths
 48120 | Depths:1 | Found a huge runed gate.
 48120 | Depths:1 | Found a huge runed gate.
 48120 | Depths:1 | Found a huge runed gate.
 48121 | Depths:1 | Found a huge runed gate.
 48121 | Depths:1 | Found a huge runed gate.
 48122 | Depths:1 | Found a huge runed gate.
 48123 | Depths:1 | Found a huge runed gate.
 48123 | Depths:1 | Found a huge runed gate.
 48123 | Depths:1 | Found a huge runed gate.
 48123 | Depths:1 | Found a huge runed gate.
 48132 | Depths:1 | Found a huge runed gate.
 48132 | Depths:1 | Found a huge runed gate.
 48132 | Depths:1 | Found a huge runed gate.
 48132 | Depths:1 | Found a huge runed gate.
 48132 | Depths:1 | Found a huge runed gate.
 48132 | Depths:1 | Found a huge runed gate.
 48133 | Depths:1 | Found a huge runed gate.
 48160 | Depths:1 | Found a gateway to Hell.
 48319 | Depths:1 | Found a one-way gateway to a ziggurat.
 48475 | Depths:1 | Found a huge runed gate.
 48475 | Depths:1 | Found a huge runed gate.
 48475 | Depths:1 | Found a huge runed gate.
 48475 | Depths:1 | Found a huge runed gate.
 48475 | Depths:1 | Found a huge runed gate.
 48478 | Depths:1 | Found a huge runed gate.
 48479 | Depths:1 | Found a huge runed gate.
 48480 | Depths:1 | Found a huge runed gate.
 48480 | Depths:1 | Found a huge runed gate.
 48480 | Depths:1 | Found a huge runed gate.
 48487 | Depths:1 | Found a huge runed gate.
 48785 | Depths:1 | Found a huge runed gate.
 48786 | Depths:1 | Found a huge runed gate.
 48787 | Depths:1 | Found a huge runed gate.
 48788 | Depths:1 | Found a huge runed gate.
 48789 | Depths:1 | Found a huge runed gate.
 48790 | Depths:1 | Found a huge runed gate.
 48791 | Depths:1 | Found a huge runed gate.
 48792 | Depths:1 | Found a huge runed gate.
 49374 | Depths:1 | Identified the +7 scimitar of Judax {vorpal, Dex+3}
 49436 | Depths:2 | Received a gift from Trog
 49548 | Depths:2 | Found a one-way gate leading to the halls of Pandemonium.
 50247 | Depths:3 | Reached XP level 24. HP: 249/249 MP: 22/22
 50452 | Depths:3 | Received a gift from Trog
 50751 | Depths:3 | Gained mutation: You have an uncontrollable temper. [a
                  | neqoxec]
 50814 | Depths:3 | Found a runed translucent door.
 50820 | Depths:3 | Noticed Ontein's ghost (adept MiBe)
 50844 | Depths:3 | Killed Ontein's ghost
 51096 | Depths:3 | Found a one-way gate to the infinite horrors of the Abyss.
 51146 | Depths:3 | Reached skill level 10 in Dodging
 51213 | Depths:3 | Found Niusapt's Jewellery Shop.
 51213 | Depths:3 | Found Qizutza's Distillery.
 51215 | Depths:3 | Found Suoshrat's Antique Weapon Shop.
 51231 | Depths:3 | Bought a potion of mutation for 136 gold pieces
 51231 | Depths:3 | Bought a potion of mutation for 136 gold pieces
 51231 | Depths:3 | Bought a potion of might for 68 gold pieces
 51231 | Depths:3 | Bought a potion of might for 68 gold pieces
 51352 | Depths:4 | Entered Level 4 of the Depths
 51462 | Depths:4 | Noticed Boris
 51471 | Depths:4 | Killed Boris
 51505 | Depths:4 | Received a gift from Trog
 52155 | Depths:4 | Found a gate to the Realm of Zot.
 52365 | Zot:1    | Entered Level 1 of the Realm of Zot
 52470 | Zot:1    | Noticed an orb of fire
 52500 | Zot:1    | Killed an orb of fire
 52860 | Zot:1    | Received a gift from Trog
 53076 | Zot:1    | Reached XP level 25. HP: 245/252 MP: 22/22
 53144 | Zot:1    | Reached skill level 5 in Stealth
 53347 | Zot:1    | You fall into a shaft and drop 1 floor!
 53462 | Zot:2    | Noticed Grunn
 53493 | Zot:2    | Killed Grunn
 53601 | Zot:2    | Identified the ring of Nuem {Ice Drain +Blink rPois MP+9}
 53601 | Zot:2    | Noticed Josephina
 53605 | Zot:2    | Noticed an orb of fire
 53614 | Zot:2    | Killed Josephina
 53622 | Zot:2    | Gained mutation: Your magical capacity is low. (-10% MP)
                  | [an orb of fire]
 53638 | Zot:2    | Killed an orb of fire
 54352 | Zot:3    | Received a gift from Trog
 54659 | Zot:3    | Identified the +3 short sword "Pomelaet" {pain, Will+
                  | Stlth+}
 55114 | Zot:4    | Noticed a Killer Klown
 55155 | Zot:4    | Killed from afar by a red draconian scorcher

Illustrated notes

Levels and vault maps discovered:
D:1:      psy_arrival_radial02, layout_basic, serial_shops,
          nicolae_shop_bloodbath_and_beyond, minmay_misc_feat_four_crosses
D:2:      layout_basic, uniq_crazy_yiuf_cottage
D:3:      layout_loops_ring, nicolae_hepliaklqana_monster_ancestors, tgw_trog,
          shapermc_ecumenical_altar_mp_vishouse, uniq_jessica
D:4:      layout_loops_ring, ebering_ghost_reflecting_pool
D:5:      layout_rooms, nicolae_wu_jian_immortal_techniques,
          mainiacjoe_overflow_alcove_1
D:6:      layout_basic, slow_altar_2, fedhas_altar_decomposition, serial_curves,
          eino_curves_02, eino_curves_01, gammafunk_ghost_split,
          nicolae_benzene_ring
D:7:      layout_cave_pools, good_gods_temple_1, minmay_temple_entry_glass
D:8:      layout_cave_pools, mainiacjoe_overflow_cross_hatched,
          hangedman_decor_push, uniq_psyche, uniq_gastronok
D:9:      hangedman_cross_veins, layout_gridville,
          nicolae_overflow_crystal_walls, gammafunk_ghost_split, st_stairs_12
D:10:     due_megacathedral, layout_long_grid, grunt_temple_overflow_opulence,
          nicolae_ru_awakened_eye, gammafunk_temple_overflow_statue,
          zombieorc2_lemuel, serial_shops, shop, enter_bailey_5, enter_trove_5
D:11:     cheibrodos_grave_circle, layout_loops_ring, serial_shops,
          kennysheep_little_box, skrybe_limestone_x
D:12:     layout_long_grid, nicolae_sif_muna_condensation, uniq_urug,
          uniq_lodul, uniq_frances
D:13:     layout_loops_cross, gammafunk_ghost_wrathful_warriors
D:14:     layout_roguey, david_vaults_5, hangedman_glass_teeth,
          nicolae_vehumet_radiance
D:15:     hangedman_depths_entry_try_elsewhere_first, layout_cross,
          minmay_fountain_box, gauntlet_entry_generic, serial_shops,
          nicolae_shop_hallway_plus
Temple:   nicolae_temple_bog_church
Lair:1:   layout_cave_pods
Lair:2:   layout_hall_layers, elwin_shoals_entry_rocks, enter_volcano_3,
          chequers_serial_rivers_micro_b
Lair:3:   layout_long_grid, guppyfry_snake_entry_island,
          hellmonk_ghost_happy_afterlife, uniq_amaemon
Lair:4:   layout_regular_city
Lair:5:   grunt_lair_end_beastmaster, layout_long_grid, slime_entry_1,
          grunt_forest_small_clearings, minmay_stone_trees_small
Shoals:1: layout_shoals
Shoals:2: layout_shoals
Shoals:3: layout_shoals, nicolae_shoals_loop_pool
Shoals:4: shoals_end_hellmonk_lost_city
Snake:1:  gammafunk_its_a_trap, layout_chambers, nicolae_snake_horde_hoard
Snake:2:  layout_misc_corridors, uniq_kirke
Snake:3:  layout_chambers, basic_altar
Snake:4:  snake_pit, layout_misc_corridors, serial_bayou_shore_b, uniq_vashnia
Slime:1:  layout_caves
Slime:2:  layout_caves
Slime:3:  layout_caves
Slime:4:  layout_caves
Slime:5
Orc:1:    layout_diamond_mine, portal_ice_cave_entry_pillars_1,
          ebering_ghost_xom
Orc:2:    st_orc_congregation, layout_caves
Elf:1:    nicolae_elf_arrival_no_cutting_in_line, layout_geoelf_grid,
          basic_altar, gammafunk_ghost_abyssal_escape, serial_shops, shop,
          nicolae_shop_waterfront, nicolae_shop_trees, nicolae_diamond_shop,
          nicolae_shop_stone, minivault_28, hangedman_elf_represent
Elf:2:    elven_hall_of_blades_hangedman_original
          [nicolae_blade_entry_diamond_columns], layout_gridlike, serial_shops,
          shop, evilmike_ambush [evilmike_ambush_outer_basic,
          evilmike_ambush_inner_basic], uniq_aizul, uniq_nikola, uniq_louise
Elf:3:    minmay_elf_hall_spiked, layout_geoelf_octagon, serial_shops,
          shop_fountains, basic_altar, nicolae_concentric_dashed_squares_mild,
          minmay_misc_feat_ornament
Vaults:1: vaults_dpeg_spiral, nicolae_vaults_branching_niches, vaults_room_pool,
          vaults_room_pools, nicolae_vaults_triangles, hangedman_vaults_hat,
          ontoclasm_vaults_shuriken, vaults_mumra_chevron,
          vaults_room_grunt_arrival_ludios, v_alt_pattern_3,
          dpeg_vaults_monster_box, nicolae_vaults_little_squares_2,
          hangedman_vaults_stretched_pinwheel, vaults_room_pools,
          layout_vaults_omnibox, uniq_saint_roka, uniq_asterion
Vaults:2: gammafunk_ghost_fury_of_okawaru, nicolae_vaults_network_square,
          v_misc_1, v_alt_pattern_2, nicolae_vaults_circle_grid_a,
          vaults_dpeg_encased_lava, nicolae_vaults_little_squares_2,
          minmay_crypt_entry_necro_gods, kb_rosetta, vaults_room_octagon,
          v_misc_30, ontoclasm_vaults_fault, nicolae_vaults_what_the_h,
          grunt_vaults_funnel, nicolae_vaults_asterisk, vaults_dpeg_diagonal,
          grunt_vaults_hallway_short, layout_vaults_omnicross, uniq_margery
Vaults:3: v_misc_2, vaults_room_boxed, nicolae_vaults_stairing_the_circle,
          v_misc_24, vaults_room_door_hall, vaults_room_ringed_pool,
          serial_ice_g, ontoclasm_vaults_eye, nicolae_vaults_rhombus_6,
          layout_vaults_ring, serial_shops, shop, nicolae_shop_crystal,
          shop_fountains, shop
Vaults:4: v_misc_28, nicolae_vaults_statue_guard,
          vaults_standard_mumra_enter_the_diamond, v_misc_1,
          hangedman_vaults_stitches, hangedman_vaults_capsules,
          ontoclasm_vaults_loading_screen, vaults_room_door_hall,
          nicolae_vaults_little_squares_4, layout_vaults_maze_snakey,
          uniq_donald, uniq_frederick
Vaults:5: uniq_boris
Depths:1: layout_small_grid, enter_ziggurat_a, hell_entry,
          eino_small_chamber_without_monster, not_door_vault_due
Depths:2: kennysheep_funnel, layout_cave_pools, lightli_too_deep,
          small_statue_intersection, grunt_pan_entry_sceptre
Depths:3: kennysheep_scales, layout_cave_shapes, rand_demon_pan_entry_7,
          ebering_ghost_reflecting_pool, hell_entry, abyss_entry_crystal,
          infiniplex_staircase_squiggle, minmay_shop_star
Depths:4: grunt_zot_entry_tricorne, layout_cave_shapes, hangedman_coc_ice_floe,
          nicolae_kite_square_tiling_tiny, minmay_misc_feat_doors
Zot:1:    grunt_twist_and_shout, layout_concentric_octagons,
          grunt_ministairs_15, st_stairs_8
Zot:2:    layout_misc_corridors, uniq_josephina, uniq_grunn
Zot:3:    layout_twisted_circle, grunt_ministairs_15
Zot:4:    grunt_zot_stairs_mandelzot, layout_misc_corridors, grunt_ministairs_4,
          st_small_dragon_hoard_5

Skill      XL: |  1  2  3  4  5  6  7  8  9 10 11 12 13 14 15 16 17 18 19 20 21 22 23 24 25 |
---------------+----------------------------------------------------------------------------+-----
Maces & Flails | 4 5 6 7 8 9 11 13 14 16 18 20 21 22 23 24 25 26 27 | 27.0
Fighting       | 4 5 6 7 8 9 11 12 13 14 16 18 19 21 22 24 25 27 | 27.0
Armour         | 3 4 5 7 8 9 10 12 14 15 18 19 20 21 22 23 24 25 27 | 27.0
Throwing       | 1 2 4 6 8 9 11 12 13 14 15 16 17 18 21 24 26 | 26.3
Dodging        | 3 4 5 8 11 13 | 13.0
Axes           | 1 |  1.5
Stealth        | 1 2 3 4 6 |  6.4
Evocations     | 1 2 |  2.9
Shields        | 2 3 4 5 6 7 8 9 10 | 10.1

Action                   |  1- 3 |  4- 6 |  7- 9 | 10-12 | 13-15 | 16-18 | 19-21 | 22-24 | 25-27 || total
-------------------------+-------+-------+-------+-------+-------+-------+-------+-------+-------++-------
Melee: Mace              |    89 |    29 |       |       |     7 |     9 |       |       |       ||   134
       Headbutt          |    11 |    21 |    46 |    97 |   216 |   308 |   455 |   463 |   123 ||  1740
       Flail             |       |   102 |   278 |   251 |       |       |       |       |       ||   631
       Punch             |       |     1 |     2 |     3 |       |     1 |       |       |       ||     7
       Battleaxe         |       |       |     9 |       |       |       |       |       |       ||     9
       Great mace        |       |       |       |   330 |   964 |   142 |       |       |       ||  1436
       Morningstar       |       |       |       |       |     9 |    11 |       |       |       ||    20
       Dire flail        |       |       |       |       |       |  1031 |  1455 |  1532 |   388 ||  4406
Throw: Dart              |       |     2 |    37 |    74 |    19 |    86 |    31 |    99 |    18 ||   366
       Boomerang         |       |       |       |   131 |   140 |    66 |     2 |    13 |     1 ||   353
       Javelin           |       |       |       |       |     3 |    13 |    58 |    49 |    10 ||   133
Invok: Berserk           |       |     2 |     7 |     6 |     6 |     5 |     4 |     1 |     1 ||    32
       Trog's Hand       |       |     2 |     2 |     7 |    14 |    18 |     8 |     8 |     1 ||    60
       Brothers in Arms  |       |       |       |     1 |       |     4 |     3 |     8 |       ||    16
Evoke: Wand              |       |       |     4 |     6 |     3 |    15 |       |     1 |       ||    29
       Tin of tremorston |       |       |       |       |       |       |     1 |       |       ||     1
       Phantom mirror    |       |       |       |       |       |       |       |     1 |     1 ||     2
  Use: Scroll            |       |     5 |     5 |    11 |    19 |    17 |     9 |    12 |     4 ||    82
       Potion            |       |       |     3 |     1 |       |    10 |     9 |    11 |     6 ||    40
 Stab: Invisible         |       |       |     1 |       |     1 |       |       |     3 |       ||     5
       Paralysed         |       |       |       |     3 |       |       |       |       |       ||     3
       Petrified         |       |       |       |       |     2 |       |       |       |       ||     2
       Distracted        |       |       |       |       |       |       |     1 |     6 |       ||     7
Armor: Animal skin       |     3 |       |       |       |       |       |       |       |       ||     3
       Chain mail        |    30 |    67 |   104 |       |       |       |       |       |       ||   201
       Plate armour      |       |       |    35 |   371 |       |       |   601 |   912 |   249 ||  2168
       Crystal plate arm |       |       |       |    12 |   753 |   757 |   104 |       |       ||  1626
Dodge: Dodged            |    51 |    40 |   143 |   244 |   388 |   329 |   319 |   647 |   241 ||  2402
Block: Other             |       |       |       |       |   109 |   206 |   221 |    34 |       ||   570
       Reflection        |       |       |       |       |     1 |    25 |    32 |     2 |       ||    60
